 Dungeon Crawl Stone Soup version 0.30-a0-996-ga6910c8ee8 (webtiles) character file.

Game seed: 15651218855192435650

10642 lessens the Thaumaturge (level 11, -2/79 HPs)
             Began as a Djinni Fire Elementalist on Apr 4, 2023.
             Was an Elder of Makhleb.
             Slain by a yak (11 damage)
             ... on level 11 of the Dungeon.
             The game lasted 00:29:38 (14001 turns).

lessens the Thaumaturge (Djinni Fire Elementalist) Turns: 14001, Time: 00:29:39

Health: -2/79      AC:  6    Str:  7    XL:     11   Next: 96%
Gold:   278        EV: 12    Int: 22    God:    Makhleb [****..] SH:  0 Dex: 13

rFire   + + .      SeeInvis .    (no weapon)
rCold   x . .      Faith    .    (no shield)
rNeg    + . .      Spirit   .    O - +2 robe {rN+}
rPois   ∞          Reflect  .    y - +0 helmet
rElec   .          Rampage  .    B - +0 cloak
rCorr   .                        N - +0 pair of gloves
Will    +....                    (boots unavailable)
Stlth   ++                       (no amulet)
HPRegen 0.33/turn                (no ring)
MPRegen 0.00/turn                (no ring)

@: flying
A: sickness immunity, fire resistance 2, cold vulnerability 1, float, innate
caster, HP casting, extra vitality 1, deformed body
a: Renounce Religion, Minor Destruction, Lesser Servant of Makhleb, Major
Destruction


You were on level 11 of the Dungeon.
You worshipped Makhleb.
Makhleb was greatly pleased with you.
You visited 2 branches of the dungeon, and saw 12 of its levels.

You collected 685 gold pieces.
You spent 407 gold pieces at shops.

Inventory:

Missiles
 i - 109 stones
 o - 38 poisoned darts
 x - 13 boomerangs
 J - a curare-tipped dart
 P - 3 boomerangs of dispersal
Armour
 a - a +0 robe
 y - a +0 helmet (worn)
 A - a +4 chain mail of poison resistance
 B - a +0 cloak (worn)
 N - a +0 pair of gloves (worn)
 O - a +2 robe of positive energy (worn)
Wands
 s - a wand of quicksilver (3)
 z - a wand of paralysis (9)
 C - a wand of polymorph (3)
 F - a wand of mindburst (17)
 G - a wand of flame (23)
 I - a wand of digging (5)
 K - a wand of roots (2)
Scrolls
 b - 2 scrolls of blinking {unknown}
 d - 7 scrolls of teleportation
 e - 2 scrolls of enchant weapon
 f - 4 scrolls of magic mapping
 g - a scroll of poison {unknown}
 h - a scroll of torment
 j - 3 scrolls of amnesia
 l - 2 scrolls of vulnerability {unknown}
 n - 5 scrolls of fog
 p - a scroll of enchant armour
 q - 4 scrolls of fear
 w - a scroll of noise {unknown}
 L - a scroll of immolation {unknown}
Potions
 c - a potion of flight
 k - a potion of might
 m - 2 potions of mutation
 r - 4 potions of curing
 t - a potion of berserk rage
 u - a potion of cancellation {unknown}
 v - a potion of heal wounds
 D - 2 potions of degeneration
 E - 2 potions of invisibility
 H - 3 potions of lignification
 M - 2 potions of ambrosia


   Skills:
 + Level 7.5 Fighting
 - Level 2.1 Dodging
 - Level 1.5 Stealth
 * Level 12.9 Spellcasting


You knew the following spells:

 Your Spells              Type           Power      Damage    Failure   Level
a - Foxfire               Conj/Fire      100%       2x1d9     1%          1
b - Scorch                Fire           100%       2d10      1%          2
c - Kindle Blastsparks    Fire/Tloc/Air  100%       2d18      1%          3
d - Inner Flame           Hex/Fire       63%        N/A       1%          3
e - Flame Wave            Conj/Fire      63%        2d15      1%          4
f - Magic Dart            Conj           100%       1d8       1%          1
g - Wereblood             Tmut           63%        N/A       1%          2
h - Vhi's Electric Charg  Tloc/Air       100%       N/A       1%          3
i - Yara's Violent Unrav  Hex/Tmut       31%        3d13      1%          5
B - Blink                 Tloc           100%       N/A       1%          2
Your spell library was empty.

Dungeon Overview and Level Annotations

Branches:
Dungeon (11/15) Zot: 25091  Temple (1/1) D:4 Zot: 5913    Lair (0/5) D:9
    Orc (0/2) D:10

Altars:
Ashenzari
Cheibriados
Dithmenos
Elyvilon
Fedhas
Gozag
Hepliaklqana
Makhleb
Nemelex Xobeh
Qazlal
Ru
Trog
Uskayaw
Wu Jian
Xom
Yredelemnul
Zin
The Shining One

Shops:
D:3 (   D:10 [?   D:11 *

Annotations:
D:9 Gastronok
D:10 2 transporters


Innate Abilities, Weirdness & Mutations

You are immune to sickness and miasma.
You are immune to poison.
Your flesh is very heat resistant. (rF++)
You are vulnerable to cold. (rC-)
You float through the air rather than walking.
You learn spells naturally, not from books.
Your magical power is your life essence.
You have superior vitality. (+4 MHP)
Armour fits poorly on your strangely shaped body.


Message History

The yak is lightly wounded.
The yak's fire resistance burns away.
The yak barely misses you.
Casting: Scorch (safe; 1% risk of failure)
Confirm with . or Enter, or press ? or * to list all spells.
Flames lash the yak.
The yak is burned terribly!
The yak is heavily wounded.
The yak completely misses you.
Casting: Scorch (safe; 1% risk of failure)
Confirm with . or Enter, or press ? or * to list all spells.
Flames lash the yak.
The yak is burned terribly!
The yak is severely wounded.
The yak gores you! The yak misses you.
Casting: Scorch (safe; 1% risk of failure)
Confirm with . or Enter, or press ? or * to list all spells.
Flames lash the yak.
The yak is severely wounded.
The yak closely misses you.
Casting: Scorch (safe; 1% risk of failure)
Confirm with . or Enter, or press ? or * to list all spells.
Flames lash the yak.
The yak is lightly wounded.
The yak's fire resistance burns away.
The yak gores you. The yak barely misses you. The yak gores you.
Casting: Scorch (safe; 1% risk of failure)
Confirm with . or Enter, or press ? or * to list all spells.
Flames lash the yak.
The yak is burned terribly!
The yak is moderately wounded.
The yak is no longer more vulnerable to fire.
The yak gores you. x2; The yak gores you!
Casting: Scorch (safe; 1% risk of failure)
Confirm with . or Enter, or press ? or * to list all spells.
Flames lash the yak.
The yak is burned terribly!
You kill the yak!
Makhleb accepts your kill.
You feel better. The yak gores you!
* * * LOW HITPOINT WARNING * * *
The yak gores you!
* * * LOW HITPOINT WARNING * * *
The yak gores you!
You die...

...............
#.................#...
#..................#..
###.....................
.)#.....................
........................
#......................#
##......................
#...[..@................
......YYY...............
###.....................
##....................
##..†................
##..................
#........####.......
#....##### #...#...
#.####.# #..###..


You could see 3 yaks.

Vanquished Creatures
  4 two-headed ogres
  An ugly thing (D:11)
  Maurice (D:10)
  A kobold demonologist (D:10)
  2 trolls (D:10)
  2 hornets
  11 yaks
  A vampire (D:10)
  2 wraiths
  A steam dragon (D:10)
  2 acid dragons
  A water moccasin (D:7)
  3 ice beasts
  3 black bears
  4 orc warriors
  3 phantoms
  6 centaurs
  4 kobold brigands (D:9)
  A bullfrog (D:6)
  A scorpion (D:5)
  2 gnoll sergeants
  A water moccasin zombie (D:6)
  6 wights
  A wyvern skeleton (D:6)
  A water moccasin skeleton (D:6)
  5 howler monkeys
  4 bullfrog zombies (D:6)
  3 hounds
  6 orc priests
  3 gnoll boudas
  11 orc wizards
  2 sleepcaps
  Ijyb (D:4)
  A bullfrog skeleton (D:6)
  6 iguanas
  A howler monkey zombie (D:6)
  Robin (D:4)
  21 gnolls
  3 adders
  A shadow imp (D:8)
  A white imp (D:7)
  3 worms
  3 dart slugs
  42 orcs
  5 ball pythons
  6 endoplasms
  6 giant cockroaches
  20 goblins
  14 hobgoblins
  9 jackals
  8 quokkas
  5 bats
  3 frilled lizards (D:1)
  15 kobolds
  4 rats
278 creatures vanquished.

Vanquished Creatures (others)
  1177 foxfires
  A withered plant (D:6)
1178 creatures vanquished.

Grand Total: 1456 creatures vanquished

Notes
Turn   | Place    | Note
-------+----------+-------------------------------------------
     0 | D:1      | lessens the Djinni Fire Elementalist began the quest for
                  | the Orb.
     0 | D:1      | lessens set off with the following spells memorised:
                  | Foxfire, Scorch, Kindle Blastsparks, Inner Flame, Flame
                  | Wave.
     0 | D:1      | Reached XP level 1. HP: 15/15 MP: 0/0
   171 | D:1      | Reached XP level 2. HP: 20/21 MP: 0/0
   247 | D:1      | Reached skill level 3 in Spellcasting
   314 | D:1      | Reached XP level 3. HP: 25/25 MP: 0/0
   314 | D:1      | Learned a level 1 spell: Magic Dart
   761 | D:1      | You are sucked into a shaft and drop 1 floor!
   780 | D:2      | Reached XP level 4. HP: 21/31 MP: 0/0
  1634 | D:3      | Reached skill level 4 in Spellcasting
  1991 | D:3      | Found Nish's Weapon Boutique.
  2379 | D:3      | Reached XP level 5. HP: 31/35 MP: 0/0
  2379 | D:3      | Learned a level 2 spell: Blink
  2455 | D:4      | Noticed a black bear
  2455 | D:4      | Noticed a black bear
  2455 | D:4      | Noticed a phantom
  2455 | D:4      | Found a bloodstained altar of Trog.
  2480 | D:4      | Noticed Robin
  2486 | D:4      | Killed Robin
  2884 | D:4      | Found a staircase to the Ecumenical Temple.
  2891 | D:4      | Killed a black bear
  2892 | D:4      | Reached skill level 5 in Spellcasting
  2892 | D:4      | Reached XP level 6. HP: 34/40 MP: 0/0
  3000 | Temple   | Entered the Ecumenical Temple
  3073 | Temple   | Became a worshipper of Makhleb the Destroyer
  3124 | D:4      | Noticed Ijyb
  3132 | D:4      | Killed Ijyb
  3219 | D:4      | Reached XP level 7. HP: 42/45 MP: 0/0
  3219 | D:4      | Learned a level 2 spell: Wereblood
  3723 | D:5      | Entered Level 5 of the Dungeon
  3748 | D:5      | Reached skill level 6 in Spellcasting
  4273 | D:5      | Reached XP level 8. HP: 47/50 MP: 0/0
  4314 | D:5      | Reached skill level 7 in Spellcasting
  4324 | D:5      | Reached * piety under Makhleb
  4977 | D:6      | Reached skill level 8 in Spellcasting
  5145 | D:6      | Reached XP level 9. HP: 49/55 MP: 0/0
  5145 | D:6      | Learned a level 3 spell: Vhi's Electric Charge
  5468 | D:6      | Reached ** piety under Makhleb
  5469 | D:6      | Reached skill level 9 in Spellcasting
  7243 | D:7      | Reached skill level 10 in Spellcasting
  7655 | D:7      | Found a broken altar of Ashenzari.
  7655 | D:7      | Found an opulent altar of Gozag.
  7734 | D:7      | Reached skill level 1 in Fighting
  8062 | D:8      | Reached XP level 10. HP: 59/63 MP: 0/0
  8089 | D:8      | Reached *** piety under Makhleb
  8331 | D:8      | Noticed a centaur warrior
  8331 | D:8      | Noticed a manticore
  8331 | D:8      | Noticed a centaur warrior
  8340 | D:8      | Noticed a cyclops
  8340 | D:8      | Noticed a centaur warrior
  8340 | D:8      | Noticed a brown ugly thing
  8340 | D:8      | Noticed a seven-headed hydra
  8341 | D:8      | Noticed a centaur warrior
  9064 | D:9      | Noticed a two-headed ogre
  9345 | D:9      | Killed a two-headed ogre
  9346 | D:9      | Reached skill level 11 in Spellcasting
  9717 | D:9      | HP: 3/69 [yak (9)]
  9921 | D:9      | Reached skill level 5 in Fighting
 10084 | D:9      | Noticed Gastronok
 10193 | D:9      | Found a staircase to the Lair.
 10757 | D:10     | Entered Level 10 of the Dungeon
 10764 | D:9      | Reached XP level 11. HP: 62/76 MP: 0/0
 10764 | D:9      | Learned a level 5 spell: Yara's Violent Unravelling
 10828 | D:10     | Gained mutation: Armour fits poorly on your strangely
                  | shaped body. [you]
 11226 | D:10     | Noticed a two-headed ogre
 11688 | D:10     | Identified the +8 tower shield of Classification {rF+ rN+++
                  | Dex-5 Stlth+}
 11829 | D:10     | Noticed Maurice
 11843 | D:10     | Killed Maurice
 11856 | D:10     | Reached skill level 12 in Spellcasting
 11972 | D:10     | Found Wuxtun's Armour Shop.
 11990 | D:10     | Bought a +0 pair of gloves for 58 gold pieces
 12211 | D:10     | Reached **** piety under Makhleb
 12240 | D:10     | Noticed a two-headed ogre
 12247 | D:10     | Killed a two-headed ogre
 12317 | D:10     | Found a staircase to the Orcish Mines.
 12430 | D:10     | Found a transporter.
 12444 | D:10     | Found Uvesiul's Magic Scroll Boutique.
 12449 | D:10     | Bought 3 scrolls of identify for 60 gold pieces
 12456 | D:10     | Bought a scroll of identify for 20 gold pieces
 12456 | D:10     | Bought a scroll of identify for 20 gold pieces
 12456 | D:10     | Bought a scroll of identify for 20 gold pieces
 12456 | D:10     | Bought a scroll of identify for 20 gold pieces
 12456 | D:10     | Bought a scroll of identify for 20 gold pieces
 12502 | D:10     | Found a transporter.
 12649 | D:10     | Killed a two-headed ogre
 13351 | D:10     | Noticed a boulder beetle
 13361 | D:10     | Noticed a manticore
 13367 | D:10     | HP: 1/79 [manticore/volley of spikes (11)]
 13599 | D:11     | Noticed a two-headed ogre
 13607 | D:11     | Killed a two-headed ogre
 13685 | D:11     | Noticed a purple ugly thing
 13693 | D:11     | Killed a purple ugly thing
 13781 | D:11     | Found Detarhub's General Store.
 13790 | D:11     | Bought a potion of curing for 42 gold pieces
 13790 | D:11     | Bought a potion of curing for 42 gold pieces
 13790 | D:11     | Bought a scroll of enchant armour for 105 gold pieces
 14001 | D:11     | Slain by a yak

Illustrated notes

Levels and vault maps discovered:
D:1:      amcnicky_arrival_feature_with_door, layout_basic
D:2:      layout_rooms, hangedman_decor_clover_reticule
D:3:      wander_river, layout_basic, serial_shops, nicolae_shop_window_shopping
D:4:      layout_cave_pools, trog_ov_bears_minmay, minmay_temple_entry_grid,
          uniq_robin, uniq_ijyb
D:5:      layout_loops_ring, lightli_minifort
D:6:      layout_loops_corners, serial_undead, serial_undead_a, serial_undead_e,
          serial_undead_a, serial_undead_a
D:7:      layout_loops_ring, gammafunk_temple_overflow_elements,
          grunt_decor_clamped, minivault_1
D:8:      layout_gridville, minivault_12
D:9:      layout_stronghold, lair_entry_dummy, uniq_gastronok
D:10:     minmay_bubble_buster, layout_rooms, hiddenorc1_lemuel, serial_shops,
          nicolae_shop_behind_doors, kennysheep_little_box,
          nicolae_diode_stairs, uniq_maurice
D:11:     layout_layer_cave, serial_shops, shop
Temple:   compressed_dpeg_triangle_lava_temple

Skill      XL: |  1  2  3  4  5  6  7  8  9 10 11 |
---------------+----------------------------------+-----
Spellcasting   | 3 4 5 6 8 10 11 12 | 12.9
Fighting       | 1 5 7 |  7.5
Dodging        | |  2.1
Stealth        | |  1.5

Action                     |  1- 3 |  4- 6 |  7- 9 | 10-12 || total
---------------------------+-------+-------+-------+-------++-------
  Melee: Unarmed           |       |     1 |     1 |     1 ||     3
   Cast: Foxfire           |    66 |   128 |   265 |   250 ||   709
         Scorch            |     2 |     6 |    32 |   117 ||   157
         Kindle Blastspark |       |     2 |       |     2 ||     4
         Flame Wave        |       |       |     3 |     3 ||     6
         Magic Dart        |       |       |     1 |       ||     1
         Vhi's Electric Ch |       |       |     1 |       ||     1
         Blink             |       |       |       |     5 ||     5
         Yara's Violent Un |       |       |       |     1 ||     1
    Use: Scroll            |       |     5 |       |    14 ||    19
         Potion            |       |       |       |     5 ||     5
 Armour: Robe              |     1 |     4 |    10 |    17 ||    32
  Dodge: Dodged            |     5 |    22 |    54 |    70 ||   151

Table legend: (Time is in decaauts)
 A = Elapsed time spent in this place.
 B = Non-inter-level travel time spent in this place.
 C = Inter-level travel time spent in this place.
 D = Time resting spent in this place.
 E = Time spent auto-exploring this place.
 F = Levels seen in this place.
 G = Mean time per level.
                   A        B        C        D        E       F      G
               +--------+--------+--------+--------+--------+-----+--------+
         Total |  14025 |  13046 |    979 |   2304 |   8588 |  12 | 1168.8 |
       Dungeon |  13939 |  12973 |    966 |   2304 |   8588 |  11 | 1267.2 |
        Temple |     86 |     73 |     13 |      0 |      0 |   1 |   86.0 |
               +--------+--------+--------+--------+--------+-----+--------+

Top non-repeatable levels by time:
     D:9: 2620 daAuts
     D:6: 1819 daAuts
    D:10: 1517 daAuts
     D:7: 1467 daAuts
     D:3: 1255 daAuts
     D:8: 1235 daAuts
     D:5: 1229 daAuts
     D:1: 1157 daAuts
     D:4: 805 daAuts
     D:2: 420 daAuts
    D:11: 411 daAuts
  Temple: 86 daAuts
